 Dungeon Crawl Stone Soup version 0.31.0-32-g396128a36d (webtiles) character file.

Game seed: 4272906337636678637

2153 Alphaeus the Ruffian (level 9, 0/69 (84) HPs)
             Began as a Troll Shapeshifter on Mar 19, 2024.
             Slain by Jeremiah
             ... wielding a +4 trident of draining
              (4 damage)
             ... on level 6 of the Dungeon.
             The game lasted 00:06:25 (4932 turns).

Alphaeus the Ruffian (Troll Shapeshifter)           Turns: 4932, Time: 00:06:26

HP:   0/69 (84)     AC: -4    Str: 28    XL:     9   Next: 10%
MP:   8/8           EV:  9    Int:  6    God:
Gold: 362           SH:  0    Dex:  9    Spells: 8/8 levels left

rFire   . .          .
                       - Unarmed
rCold   . . .        (no shield)
rNeg    . . .        a - +0 animal skin
rPois   .            (helmet currently unavailable)
rElec   .            (cloak currently unavailable)
rCorr   .            (gloves unavailable)
SInv    .            (boots unavailable)
Will    .....        (no amulet)
Stlth   +            (no ring)
HPRegen 1.11/turn    (no ring)
MPRegen 0.11/turn

%: no passive effects
@: beast-form, corroded, heavily drained
A: beast (slay +4), large, unfitting armour, claws 3, regeneration 1, shaggy fur
1, tough skin 1
a: Begin Untransformation


You were on level 6 of the Dungeon.
You were a hulking beast.
You visited 1 branch of the dungeon, and saw 6 of its levels.
You also visited: Sewer and Ossuary.

You collected 362 gold pieces.

Inventory:

Armour
 a - a +0 animal skin (worn)
 f - a +0 tower shield
Jewellery
 k - a ring of resist corrosion
 p - a ring of see invisible
 q - a ring of magical power
Talismans
 c - a beast talisman
 d - a flux talisman
Wands
 s - a wand of roots (8)
 u - a wand of flame (20)
 F - a wand of mindburst (7)
Scrolls
 b - 4 scrolls of noise
 e - a scroll of vulnerability
 g - 3 scrolls of teleportation
 h - 4 scrolls of identify
 m - 3 scrolls of amnesia {unknown}
 r - 2 scrolls of revelation {unknown}
 v - a scroll of immolation {unknown}
 x - a scroll of acquirement {unknown}
 y - a scroll of torment {unknown}
 z - a scroll of poison
 B - a scroll of enchant weapon {unknown}
 C - a scroll of fog {unknown}
 E - a scroll of fear {unknown}
Potions
 i - 3 potions of might
 j - 8 potions of curing {unknown}
 l - 3 potions of heal wounds {unknown}
 n - a potion of resistance {unknown}
 o - a potion of mutation {unknown}
 t - 4 potions of degeneration
 w - 3 potions of enlightenment
 A - a potion of invisibility {unknown}
 D - a potion of lignification


   Skills:
 + Level 4.0 Fighting
 - Level 1.5 Dodging
 + Level 4.1 Shields
 * Level 7.6 Unarmed Combat
 * Level 7.1 Shapeshifting


You had 8 spell levels left.
You didn't know any spells.
Your spell library contained the following spells:

 Spells                   Type           Power      Damage    Failure   Level
 Apportation              Tloc           0%         N/A       45%         1
 Magic Dart               Conj           0%         1d3       45%         1
 Necrotise                Necr           0%         1d4       45%         1
 Sting                    Conj/Alch      0%         1d3       45%         1
 Summon Small Mammal      Summ           0%         N/A       45%         1
 Blink                    Tloc           0%         N/A       58%         2
 Call Imp                 Summ           0%         N/A       58%         2
 Sublimation of Blood     Necr           0%         N/A       58%         2
 Malign Gateway           Summ/Tloc      0%         N/A       100%        7
 Summon Hydra             Summ           0%         N/A       100%        7
 Summon Horrible Things   Summ           0%         N/A       100%        8


Dungeon Overview and Level Annotations

Branches:
Dungeon (6/15)              Sewer (visited)         Ossuary (visited)
 Temple: D:4-7

Altars:
Ashenzari
Cheibriados
Elyvilon
Ru
Xom

Annotations:
D:6 Jeremiah


Innate Abilities, Weirdness & Mutations

You are a hulking beast.
Your limbs bulge with bestial killing power. (Slay +4)
You are too large for most types of armour.
You have claws for hands.
Your natural rate of healing is unusually fast.
You are covered in fur. (AC +1)
You have tough skin. (AC +1)


Message History

You claw the butterfly!
You kill the butterfly!
The butterfly disappears in a burst of colours! x2
Jeremiah hops!
You closely miss the butterfly. Your claw misses the butterfly.
You claw the butterfly!
You kill the butterfly!
The butterfly disappears in a burst of colours!
Jeremiah hops!
Jeremiah hops!
You mangle the butterfly!!
You kill the butterfly!
The butterfly disappears in a burst of colours! x2
Jeremiah hits you from afar with a +4 trident of draining!
You feel drained.
You completely miss the butterfly.
The butterfly disappears in a burst of colours!
Jeremiah's eyes momentarily flash bright red.
Jeremiah hits you from afar with a +4 trident of draining.
You feel drained.
You miss the butterfly. Jeremiah barely misses you.
You miss the butterfly.
The butterfly disappears in a burst of colours! x2
Jeremiah hits you from afar with a +4 trident of draining!
You feel drained.
You mangle the butterfly!!
You kill the butterfly!
The butterfly disappears in a burst of colours!
The butterfly disappears in a burst of colours!
Jeremiah hits you with a +4 trident of draining!
* * * LOW HITPOINT WARNING * * *
You feel drained.
* * * LOW HITPOINT WARNING * * *
You scratch Jeremiah but do no damage. Your claw misses Jeremiah.
Jeremiah is severely wounded.
Jeremiah hits you with a +4 trident of draining!
* * * LOW HITPOINT WARNING * * *
You feel drained.
You die...
Jeremiah asks, "Is it over?
Can I wake up now?"

.....#b#.#.
#....# ....
+....# #.b# ##
#....# #b.#.##
#...)# #..#.##
#....# #.#bb#.##
###### ##.#.b#.##
## ##.#bF#b## ..
##.#bh#.## ..
##.#.b#.## ######
##b#..#.## #....#
###......# #....#
###.#..#.#.#
#....#
###.#..#.### #
#....#
###.#..#.###
+....#+#.#..#.###
#....#.#..#.###


You could see Jeremiah.

Vanquished Creatures
  Grinder (D:6)
  Sigmund (D:4)
  3 ice beasts
  3 ogres (D:5)
  An elf zombie (Ossuary)
  A brain worm (Sewer)
  Blork the orc (D:4)
  2 scorpions
  3 wights
  2 howler monkeys (D:6)
  A bombardier beetle (D:5)
  3 hounds
  3 jellies
  Crazy Yiuf (D:2)
  A sleepcap (D:5)
  Ijyb (D:3)
  Terence (D:3)
  4 mummies (Ossuary)
  Robin (D:2)
  7 gnolls
  3 river rats (Sewer)
  9 adders
  3 adder zombies (Ossuary)
  6 ribbon worms
  2 dart slugs (Sewer)
  11 orcs
  8 bats
  8 endoplasms
  5 giant cockroaches
  4 gnoll zombies (Ossuary)
  12 hobgoblins
  6 jackals
  6 kobolds
  5 quokkas
  6 ball pythons
  8 frilled lizards
  11 goblins
  2 jackal zombies (Ossuary)
  An orc zombie (Ossuary)
  7 rats
  A rat zombie (Ossuary)
165 creatures vanquished.

Notes
Turn   | Place    | Note
-------+----------+-------------------------------------------
     0 | D:1      | Alphaeus the Troll Shapeshifter began the quest for the
                  | Orb.
     0 | D:1      | Reached XP level 1. HP: 18/18 MP: 0/0
    81 | D:1      | Reached skill level 1 in Fighting
   105 | D:1      | Reached XP level 2. HP: 27/27 MP: 1/1
   392 | D:2      | Noticed Robin
   424 | D:1      | Reached XP level 3. HP: 26/33 MP: 2/2
   463 | D:2      | Killed Robin
   498 | D:2      | Reached XP level 4. HP: 25/41 MP: 3/3
   509 | D:2      | Identified the +1 pair of boots "Railocw" {Fly MP-9 Str+8
                  | Int-5}
   647 | D:2      | Found a runed translucent door.
   648 | D:2      | Noticed Crazy Yiuf
   759 | D:2      | You fall into a shaft and drop 2 floors!
   775 | D:4      | Found a white marble altar of Elyvilon.
   797 | D:4      | Reached skill level 1 in Shields
   856 | D:4      | Found a broken altar of Ashenzari.
   868 | D:4      | Found a sand-covered staircase.
   872 | Ossuary  | Entered an ossuary
   909 | Ossuary  | Reached XP level 5. HP: 49/49 MP: 4/4
  1246 | D:4      | Reached XP level 6. HP: 42/57 MP: 5/5
  1355 | D:4      | Noticed Sigmund
  1365 | D:4      | Killed Sigmund
  1366 | D:4      | Reached skill level 5 in Unarmed Combat
  1560 | D:4      | Noticed Blork the orc
  1564 | D:4      | Reached XP level 7. HP: 55/66 MP: 6/6
  1570 | D:4      | Killed Blork the orc
  1571 | D:4      | Reached skill level 5 in Shapeshifting
  2295 | D:3      | Noticed Ijyb
  2302 | D:3      | Killed Ijyb
  2330 | D:3      | Found a sacrificial altar of Ru.
  2460 | D:3      | Noticed Terence
  2468 | D:3      | Killed Terence
  3007 | D:2      | Killed Crazy Yiuf
  3092 | D:5      | Entered Level 5 of the Dungeon
  3144 | D:5      | Found a shimmering altar of Xom.
  3167 | D:5      | Found a glowing drain.
  3180 | Sewer    | Entered a sewer
  3235 | Sewer    | Reached XP level 8. HP: 75/75 MP: 7/7
  4584 | D:6      | Found a snail-covered altar of Cheibriados.
  4845 | D:6      | Noticed Grinder
  4850 | D:6      | Paralysed by Grinder for 5 turns
  4863 | D:6      | Killed Grinder
  4864 | D:6      | Reached XP level 9. HP: 73/84 MP: 8/8
  4895 | D:6      | Noticed Jeremiah
  4932 | D:6      | Slain by Jeremiah

Illustrated notes

Levels and vault maps discovered:
D:1:      onia_arrival_pyramid, layout_rooms, st_stairs_9
D:2:      layout_rooms, minmay_misc_feat_hallway, uniq_crazy_yiuf_cottage,
          uniq_robin
D:3:      layout_loops_ring, nicolae_ru_sacrificial_ziggurat,
          corexii_hall_statues_l, moated_statue, uniq_terence, uniq_ijyb
D:4:      layout_gridville, mainiacjoe_overflow_catch_the_wave,
          nicolae_ossuary_entry_monument, uniq_sigmund, uniq_blork_the_orc
D:5:      layout_loops_ring, dk_xom_monty_hall, cheibrodos_sewer_entry_drain,
          serial_bayou, serial_bayou_crossing, serial_bayou_pond_b,
          serial_bayou_lagoon_b, serial_bayou_shore_b
D:6:      minmay_razor_zed, layout_gridville, slow_altar_1, uniq_duvessa,
          uniq_jeremiah, uniq_grinder

Skill      XL: |  1  2  3  4  5  6  7  8  9 |
---------------+----------------------------+-----
Fighting       | 1 2 3 4 |  4.0
Shields        | 1 2 3 4 |  4.1
Unarmed Combat | 4 5 6 7 |  7.6
Shapeshifting  | 4 5 7 |  7.1
Dodging        | |  1.5

Action                     |  1- 3 |  4- 6 |  7- 9 || total
---------------------------+-------+-------+-------++-------
  Melee: Unarmed           |    86 |   108 |   236 ||   430
         Punch             |     1 |     1 |     6 ||     8
    Use: Scroll            |       |     4 |       ||     4
         Potion            |       |     1 |       ||     1
 Armour: Animal skin       |    94 |    83 |   159 ||   336
         Skin              |       |    35 |       ||    35
  Dodge: Dodged            |    71 |    56 |    92 ||   219
